 Dungeon Crawl Stone Soup version 0.31-a0-700-gf13585253f (webtiles) character file.

Game seed: 11370240600551192955

4453 qw the Skirmisher (level 10, -1/64 HPs)
             Began as a Gargoyle Hunter on Sept 7, 2023.
             Was a Believer of Okawaru.
             Slain by a bullfrog (4 damage)
             ... on level 1 of the Lair of Beasts.
             The game lasted 00:03:48 (8482 turns).

qw the Skirmisher (Gargoyle Hunter)                 Turns: 8482, Time: 00:03:49

Health: -1/64      AC: 23    Str: 12 (15) XL:     10   Next: 37%
Magic:  11/13      EV: 19    Int:  8 (10) God:    Okawaru [**....]
Gold:   449        SH:  0    Dex: 16 (17) Spells: 9/9 levels left

rFire   . . .        Y - +0 orcbow
rCold   + . .        (shield currently unavailable)
rNeg    + . .        p - +2 ring mail {rC+}
rPois   inf          j - +1 helmet
rElec   +            c - +0 cloak
rCorr   +            d - +0 pair of gloves
SInv    +            h - +1 pair of boots
Will    .....        (no amulet)
Stlth   +++          f - +5 ring of evasion
HPRegen 0.30/turn    g - ring of resist corrosion
MPRegen 0.13/turn

%: no passive effects
@: about to teleport, heroic
A: sickness immunity, AC +7, negative energy resistance 1, electricity
resistance, torment resistance 1, petrification resistance, see invisible
a: Renounce Religion, Heroism


You were on level 1 of the Lair of Beasts.
You worshipped Okawaru.
Okawaru was pleased with you.
You visited 2 branches of the dungeon, and saw 9 of its levels.

You collected 449 gold pieces.


Innate Abilities, Weirdness & Mutations

You are immune to sickness and miasma.
Your stone body is resilient. (AC +7)
You are immune to poison.
You resist negative energy. (rN+)
You are resistant to electric shocks. (rElec)
You are resistant to unholy torment.
You are immune to petrification.
You have supernaturally acute eyesight. (SInv)


   Skills:
 - Level 8.0(13.0) Fighting
 - Level 12.1(17.1) Ranged Weapons
 + Level 4.0(9.0) Armour
 - Level 3.0(8.0) Dodging
 - Level 1.1(6.1) Stealth
 - Level 4.1 Invocations


You had 9 spell levels left.
You didn't know any spells.
Your spell library was empty.

Inventory:

Hand Weapons
 Y - a +0 orcbow (weapon)
Armour
 c - a +0 cloak (worn)
 d - a +0 pair of gloves (worn)
 h - a +1 pair of boots (worn)
 j - a +1 helmet (worn)
 p - a +2 ring mail of cold resistance (worn)
Jewellery
 f - a +5 ring of evasion (left hand)
 g - a ring of resist corrosion (right hand)
Scrolls
 e - 3 scrolls of teleportation
 i - a scroll of identify
Potions
 a - a potion of cancellation
 b - 2 potions of might
 l - 3 potions of mutation
 n - a potion of magic {unknown}
 o - a potion of ambrosia {unknown}
 q - a potion of invisibility {unknown}
 r - a potion of lignification {unknown}
 t - a potion of berserk rage {unknown}
 u - a potion of curing
 v - a potion of attraction {unknown}

Dungeon Overview and Level Annotations

Branches:
Dungeon (8/15)             Temple (0/1) D:7            Lair (1/5) D:8

Altars:
Dithmenos
Elyvilon
Fedhas
Okawaru
Uskayaw
Yredelemnul

Annotations:
D:3 1 runed translucent door, Crazy Yiuf
D:6 1 runed translucent door


Message History

The wolf misses you.
The bullfrog hits you but does no damage.
The wolf misses you.
8478 |||
Found retreat position at 1,-1 (bullfrog; floor) with 0 blocking monsters and 2 monsters attacking at destination at distance 1 You shoot an arrow.
The arrow hits the cane toad but does no damage.
The cane toad is severely wounded.
The wolf completely misses you.
The bullfrog hits you but does no damage.
The cane toad stings you. The wolf bites you but does no damage.
8479 |||
Found retreat position at 1,-1 (bullfrog; floor) with 0 blocking monsters and 2 monsters attacking at destination at distance 1 You shoot an arrow.
The arrow hits the cane toad.
The cane toad is almost dead.
The wolf completely misses you.
The bullfrog hits you but does no damage.
The wolf misses you. The cane toad stings you! The wolf completely misses you.
8480 |||
Found retreat position at 1,-1 (bullfrog; floor) with 0 blocking monsters and 2 monsters attacking at destination at distance 1
8480 ||| READING 4 scrolls of teleportation.
As you read the scroll of teleportation, it crumbles to dust.
You feel strangely unstable. The wolf closely misses you.
The bullfrog hits you but does no damage.
The wolf misses you.
A blink frog comes into view.
The cane toad stings you. The wolf barely misses you.
The bullfrog closely misses you.
8481 |||
Found retreat position at 1,-1 (bullfrog; floor) with 0 blocking monsters and 2 monsters attacking at destination at distance 1 You shoot an arrow.
The blink frog gives a loud, deep croak!
The arrow hits the cane toad but does no damage.
The cane toad is almost dead.
You feel like a meek peon again. The wolf bites you.
The wolf bites you but does no damage. The cane toad stings you.
The bullfrog misses you. The wolf bites you but does no damage.
8482 |||
Found retreat position at 1,-1 (bullfrog; floor) with 0 blocking monsters and 2 monsters attacking at destination at distance 1
8482 ||| INVOKING Heroism.
You gain the combat prowess of a mighty hero.
The wolf closely misses you. The bullfrog hits you.
You die...

#####.#... ........
....... ..... ###
#.... ##.#####...#
#..<##.##..#
##..%#...##F#
#.........@h##
#....#....FhF#
##...#...##FF....#
#...#...........#
..................#
.........####...F...
#........## ..##..P
#...#....# ..# ...
... .h


You could see a cane toad, 4 blink frogs, 2 wolves and a bullfrog.

Vanquished Creatures
  A komodo dragon (Lair:1)
  Prince Ribbit (D:8)
  A wraith (D:7)
  3 steam dragons
  3 wargs (D:8)
  An acid dragon (D:7)
  Edmund (D:4)
  2 ice beasts (D:5)
  A sky beast (D:7)
  2 orc warriors
  3 ogres
  A wolf (Lair:1)
  2 centaurs
  A phantom (D:4)
  2 kobold brigands
  2 bullfrogs
  A scorpion (D:4)
  5 wights (D:8)
  5 killer bees (D:7)
  A howler monkey (D:8)
  5 hounds
  A gnoll bouda (D:8)
  2 jellies
  3 orc priests
  2 iguanas
  Terence (D:3)
  9 orc wizards
  Natasha (thrice) (D:2)
  Robin (D:4)
  12 gnolls
  6 adders
  A white imp (D:5)
  An ufetubus (D:4)
  2 worms
  3 dart slugs
  34 orcs
  5 bats
  3 endoplasms
  3 giant cockroaches
  11 goblins
  17 hobgoblins
  4 jackals (D:1)
  4 quokkas
  5 ball pythons
  A frilled lizard (D:1)
  A jackal zombie (D:6)
  16 kobolds
  6 rats
201 creatures vanquished.

Notes
Turn   | Place    | Note
-------+----------+-------------------------------------------
     0 | D:1      | qw the Gargoyle Hunter began the quest for the Orb.
     0 | D:1      | Reached XP level 1. HP: 12/12 MP: 1/1
     0 | D:1      | 0 ||| qw: Version: 0.3-a-76-g4403597
     0 | D:1      | 0 ||| qw: Game counter: 569
     0 | D:1      | 0 ||| qw: Melee chars always use a shield: true
     0 | D:1      | 0 ||| qw: God list: Okawaru
     0 | D:1      | 0 ||| qw: Allow faded altars: false
     0 | D:1      | 0 ||| qw: Do Orc after clearing Dungeon:15 true
     0 | D:1      | 0 ||| qw: Do second Lair branch before Depths: true
     0 | D:1      | 0 ||| qw: Lair rune preference: random
     0 | D:1      | 0 ||| qw: Goals: Normal
     0 | D:1      | 0 ||| PLANNING D:1-11
   167 | D:1      | Found a faded altar of an unknown god.
   187 | D:1      | Reached XP level 2. HP: 17/17 MP: 2/2
   398 | D:1      | Reached XP level 3. HP: 21/21 MP: 3/3
   484 | D:1      | Reached skill level 5 in Ranged Weapons
   724 | D:1      | 724 ||| UPGRADING to +5 ring of evasion.
   725 | D:1      | 725 ||| READING scroll labelled XOMIET HAOMEO.
   726 | D:1      | 726 ||| READING scroll labelled ZIYTIX RIVEULUIGI.
   727 | D:1      | 727 ||| READING scroll labelled LIAFAL LIAQOZA.
   828 | D:1      | 828 ||| DROPPING scroll of butterflies.
   989 | D:2      | Noticed Natasha
   995 | D:2      | Killed Natasha
   996 | D:2      | Reached skill level 3 in Fighting
  1043 | D:2      | Reached XP level 4. HP: 28/28 MP: 4/4
  1088 | D:2      | Noticed Natasha
  1094 | D:2      | Killed Natasha
  1446 | D:2      | Noticed Natasha
  1457 | D:2      | Killed Natasha
  1458 | D:2      | Reached XP level 5. HP: 32/32 MP: 5/5
  1756 | D:2      | 1756 ||| UPGRADING to +0 ring mail.
  1766 | D:2      | 1766 ||| DROPPING +0 leather armour.
  1767 | D:2      | 1767 ||| UPGRADING to +0 pair of gloves.
  1772 | D:2      | 1772 ||| READING scroll labelled AGOEB WI JEADDA.
  1773 | D:2      | 1773 ||| READING 3 scrolls labelled XETHEC ROUSHROM.
  1776 | D:2      | 1776 ||| READING scroll labelled GAINEL MUKE.
  1777 | D:2      | 1777 ||| READING scroll labelled MIESAR PUUVAIJ.
  1778 | D:2      | 1778 ||| READING scroll labelled USOCAOHATA.
  1779 | D:2      | 1779 ||| READING scroll labelled XIMITA DATAGRU.
  1780 | D:2      | 1780 ||| READING scroll labelled GUHAMUIWAOSS.
  1791 | D:3      | 1791 ||| Stepping ~*~*~tactically~*~*~ (outnumbered).
  1795 | D:3      | Reached skill level 1 in Armour
  1808 | D:3      | 1808 ||| FLEEEEING.
  1809 | D:3      | 1809 ||| STAIRDANCE
  1832 | D:3      | 1832 ||| STAIRDANCE
  1849 | D:2      | Reached skill level 6 in Ranged Weapons
  1931 | D:3      | 1931 ||| STAIRDANCE
  2053 | D:3      | HP: 8/32 [orc priest/divine providence (12)]
  2054 | D:3      | 2054 ||| READING 2 scrolls of teleportation.
  2057 | D:3      | 2057 ||| FLEEEEING.
  2058 | D:3      | 2058 ||| FLEEEEING.
  2059 | D:3      | 2059 ||| FLEEEEING.
  2060 | D:3      | 2060 ||| FLEEEEING.
  2061 | D:3      | 2061 ||| FLEEEEING.
  2062 | D:3      | 2062 ||| FLEEEEING.
  2063 | D:3      | 2063 ||| FLEEEEING.
  2064 | D:3      | 2064 ||| FLEEEEING.
  2065 | D:3      | 2065 ||| FLEEEEING.
  2066 | D:3      | 2066 ||| FLEEEEING.
  2067 | D:3      | 2067 ||| FLEEEEING.
  2068 | D:3      | 2068 ||| FLEEEEING.
  2069 | D:3      | 2069 ||| FLEEEEING.
  2070 | D:3      | 2070 ||| FLEEEEING.
  2071 | D:3      | 2071 ||| FLEEEEING.
  2072 | D:3      | 2072 ||| FLEEEEING.
  2073 | D:3      | 2073 ||| FLEEEEING.
  2085 | D:3      | Reached XP level 6. HP: 11/38 MP: 6/6
  2275 | D:3      | Noticed Terence
  2289 | D:3      | Killed Terence
  2303 | D:3      | Found an iron altar of Okawaru.
  2304 | D:3      | 2304 ||| PLANNING OKAWARU WORSHIP
  2304 | D:3      | 2304 ||| UPGRADING to +0 cloak.
  2313 | D:3      | Became a worshipper of Warmaster Okawaru
  2314 | D:3      | 2314 ||| PLANNING D:1-11
  2395 | D:3      | 2395 ||| Stepping ~*~*~tactically~*~*~ (outnumbered).
  2397 | D:3      | 2397 ||| Stepping ~*~*~tactically~*~*~ (outnumbered).
  2435 | D:3      | Found a runed translucent door.
  2436 | D:3      | Noticed Crazy Yiuf
  2543 | D:3      | 2543 ||| READING scroll of enchant weapon.
  2543 | D:3      | 2543 ||| ENCHANTING +1 shortbow.
  2845 | D:3      | 2845 ||| UPGRADING to +1 pair of boots.
  2850 | D:3      | 2850 ||| READING scroll labelled PYMOGI YSOFUFO.
  2851 | D:3      | 2851 ||| DRINKING 2 viscous brown potions.
  2851 | D:3      | Gained mutation: You have supernaturally acute eyesight.
                  | (SInv) [potion of mutation]
  2915 | D:4      | 2915 ||| STAIRDANCE
  3150 | D:4      | Reached skill level 7 in Ranged Weapons
  3161 | D:4      | Noticed Edmund
  3194 | D:4      | Killed Edmund
  3195 | D:4      | Reached XP level 7. HP: 21/43 MP: 7/7
  3388 | D:4      | Noticed Robin
  3400 | D:4      | Killed Robin
  3412 | D:4      | 3412 ||| FLEEEEING.
  3413 | D:4      | 3413 ||| FLEEEEING.
  3414 | D:4      | 3414 ||| FLEEEEING.
  3415 | D:4      | 3415 ||| FLEEEEING.
  3416 | D:4      | 3416 ||| FLEEEEING.
  3417 | D:4      | 3417 ||| FLEEEEING.
  3418 | D:4      | 3418 ||| FLEEEEING.
  3419 | D:4      | 3419 ||| FLEEEEING.
  3420 | D:4      | 3420 ||| FLEEEEING.
  3421 | D:4      | 3421 ||| FLEEEEING.
  3422 | D:4      | 3422 ||| FLEEEEING.
  3423 | D:4      | 3423 ||| FLEEEEING.
  3424 | D:4      | 3424 ||| FLEEEEING.
  3634 | D:4      | Reached * piety under Okawaru
  3644 | D:4      | Reached skill level 8 in Ranged Weapons
  3704 | D:4      | Reached skill level 1 in Invocations
  3764 | D:4      | 3764 ||| INVOKING Heroism.
  3799 | D:4      | Reached XP level 8. HP: 45/49 MP: 7/9
  4025 | D:4      | 4025 ||| UPGRADING to +1 helmet.
  4030 | D:4      | 4030 ||| UPGRADING to ring of resist corrosion.
  4034 | D:5      | Entered Level 5 of the Dungeon
  4345 | D:5      | Found a hide-covered altar of Uskayaw.
  4353 | D:5      | Found a white marble altar of Elyvilon.
  4426 | D:5      | Reached skill level 3 in Armour
  4426 | D:5      | Reached skill level 3 in Invocations
  4538 | D:5      | 4538 ||| INVOKING Heroism.
  4613 | D:5      | 4613 ||| INVOKING Heroism.
  4724 | D:5      | 4724 ||| READING scroll of enchant weapon.
  4724 | D:5      | 4724 ||| ENCHANTING +2 shortbow.
  4947 | D:5      | Found a shadowy altar of Dithmenos.
  4985 | D:5      | 4985 ||| READING scroll labelled HAISID UCHONG.
  4986 | D:5      | 4986 ||| READING 2 scrolls labelled LOIPSU TO ZOFO.
  4987 | D:5      | 4987 ||| READING scroll of brand weapon.
  4987 | D:5      | 4987 ||| BRANDING +3 shortbow of flaming.
  4988 | D:5      | 4988 ||| DRINKING 2 blue potions.
  4996 | D:6      | 4996 ||| INVOKING Heroism.
  5000 | D:6      | 5000 ||| STAIRDANCE
  5130 | D:6      | 5130 ||| STAIRDANCE
  5143 | D:5      | 5143 ||| INVOKING Heroism.
  5148 | D:5      | Reached skill level 9 in Ranged Weapons
  5231 | D:6      | 5231 ||| STAIRDANCE
  5234 | D:5      | 5234 ||| DRINKING potion of curing.
  5234 | D:5      | 5234 ||| (to cure confusion)
  5379 | D:6      | Found a runed translucent door.
  5386 | D:6      | Found a basalt altar of Yredelemnul.
  5398 | D:6      | 5398 ||| INVOKING Heroism.
  5403 | D:6      | 5403 ||| Stepping ~*~*~tactically~*~*~ (cloud).
  5404 | D:6      | 5404 ||| Stepping ~*~*~tactically~*~*~ (cloud).
  5431 | D:6      | 5431 ||| INVOKING Heroism.
  5433 | D:6      | Reached skill level 6 in Fighting
  5442 | D:6      | Reached XP level 9. HP: 49/55 MP: 10/12
  5653 | D:6      | 5653 ||| INVOKING Heroism.
  5679 | D:6      | You fall into a shaft and drop 1 floor!
  5698 | D:7      | 5698 ||| Stepping ~*~*~tactically~*~*~ (outnumbered).
  5864 | D:7      | 5864 ||| INVOKING Heroism.
  5875 | D:7      | Reached skill level 10 in Ranged Weapons
  6008 | D:7      | Found a staircase to the Ecumenical Temple.
  6015 | D:7      | 6015 ||| INVOKING Heroism.
  6141 | D:7      | 6141 ||| SWAPPING to +0 orcbow.
  6142 | D:7      | 6142 ||| DROPPING +3 shortbow of freezing.
  6244 | D:7      | 6244 ||| UPGRADING to +0 steam dragon scales.
  6254 | D:7      | 6254 ||| DROPPING +0 ring mail.
  6255 | D:7      | 6255 ||| DRINKING 3 orange potions.
  6688 | D:6      | 6688 ||| READING scroll labelled JASHYD SAUVARU.
  6796 | D:7      | 6796 ||| INVOKING Heroism.
  7068 | D:7      | 7068 ||| Stepping ~*~*~tactically~*~*~ (retreating).
  7091 | D:7      | Reached skill level 3 in Dodging
  7105 | D:7      | 7105 ||| INVOKING Heroism.
  7415 | D:8      | 7415 ||| RETREATING.
  7416 | D:8      | 7416 ||| Stepping ~*~*~tactically~*~*~ (outnumbered).
  7447 | D:8      | 7447 ||| INVOKING Heroism.
  7474 | D:8      | Reached ** piety under Okawaru
  7481 | D:8      | 7481 ||| INVOKING Heroism.
  7487 | D:8      | HP: 8/57 [orc priest/divine providence (14)]
  7488 | D:8      | 7488 ||| READING 6 scrolls of teleportation.
  7494 | D:8      | 7494 ||| READING 5 scrolls of teleportation.
  7508 | D:8      | 7508 ||| INVOKING Heroism.
  7641 | D:8      | Reached skill level 11 in Ranged Weapons
  7700 | D:8      | 7700 ||| INVOKING Heroism.
  7709 | D:8      | Reached XP level 10. HP: 60/64 MP: 11/13
  7745 | D:8      | 7745 ||| INVOKING Heroism.
  7837 | D:8      | Found a blossoming altar of Fedhas.
  7922 | D:8      | Found a staircase to the Lair.
  7955 | D:8      | Noticed Prince Ribbit
  7968 | D:8      | Killed Prince Ribbit
  8028 | D:8      | 8028 ||| INVOKING Heroism.
  8402 | D:8      | 8402 ||| PLANNING LAIR
  8402 | D:8      | 8402 ||| UPGRADING to +2 ring mail of cold resistance.
  8412 | D:8      | 8412 ||| DROPPING +0 steam dragon scales.
  8413 | D:8      | 8413 ||| READING scroll labelled KAUWEEGIVO.
  8414 | D:8      | 8414 ||| DRINKING 2 silvery potions.
  8415 | D:8      | 8415 ||| READING 2 scrolls of identify.
  8415 | D:8      | 8415 ||| IDENTIFYING sedimented pink potion
  8416 | D:8      | 8416 ||| DROPPING potion of degeneration.
  8428 | Lair:1   | Entered Level 1 of the Lair of Beasts
  8451 | Lair:1   | Noticed a cane toad
  8452 | Lair:1   | 8452 ||| RETREATING.
  8455 | Lair:1   | 8455 ||| INVOKING Heroism.
  8457 | Lair:1   | 8457 ||| Stepping ~*~*~tactically~*~*~ (retreating).
  8458 | Lair:1   | 8458 ||| Stepping ~*~*~tactically~*~*~ (retreating).
  8459 | Lair:1   | 8459 ||| Stepping ~*~*~tactically~*~*~ (retreating).
  8474 | Lair:1   | Reached skill level 12 in Ranged Weapons
  8479 | Lair:1   | HP: 13/64 [cane toad (7)]
  8480 | Lair:1   | 8480 ||| READING 4 scrolls of teleportation.
  8481 | Lair:1   | HP: 3/64 [cane toad (4)]
  8482 | Lair:1   | 8482 ||| INVOKING Heroism.
  8482 | Lair:1   | Slain by a bullfrog

Levels and vault maps discovered:
D:1:      evilmike_arrival_hilbert_curve, layout_loops_ring,
          hellmonk_ecumenical_altar_dog_temple, hangedman_feature_mirror,
          st_stairs_1, minivault_4
D:2:      layout_basic, uniq_natasha
D:3:      layout_loops_ring, okawaru_ov_weapons_minmay, skrybe_limestone_x,
          uniq_terence, uniq_crazy_yiuf_cottage
D:4:      layout_basic, uniq_edmund, uniq_robin
D:5:      layout_cave_pods, lemuel_coloured_pillars_altar,
          amethyst_overflow_temple_binary
D:6:      layout_cave_pods, dk_yredelemnul_ordeal, uniq_eustachio
D:7:      layout_basic, minmay_temple_entry_waves
D:8:      layout_gridville, fedhas_bush_and_centaur_altar,
          erik_lair_orcish_takeover, corexii_corridor_pit,
          chequers_serial_rivers_micro_c, uniq_prince_ribbit1
Lair:1:   dpeg_oklob_gauntlet, layout_misc_corridors

Skill      XL: |  1  2  3  4  5  6  7  8  9 10 |
---------------+-------------------------------+-----
Ranged Weapons | 5 6 7 8 9 11 12 | 12.1
Fighting       | 3 4 5 6 7 8 |  8.0
Armour         | 1 2 3 4 |  4.0
Invocations    | 1 4 |  4.1
Dodging        | 2 3 |  3.0
Stealth        | |  1.1

Action                     |  1- 3 |  4- 6 |  7- 9 | 10-12 || total
---------------------------+-------+-------+-------+-------++-------
   Fire: Shortbow          |    72 |   254 |   318 |       ||   644
         Orcbow            |       |       |   190 |   134 ||   324
 Invoke: Heroism           |       |       |    16 |     4 ||    20
    Use: Scroll            |     3 |    10 |     7 |     3 ||    23
         Potion            |       |     1 |     3 |     1 ||     5
 Armour: Leather armour    |    21 |    10 |       |       ||    31
         Ring mail         |       |    70 |   122 |    48 ||   240
         Steam dragon scal |       |       |    79 |    21 ||   100
  Dodge: Dodged            |    18 |   126 |   321 |    84 ||   549

Table legend:
 A = Non-vault XP
 B = Vault XP
 C = Vault XP percentage of total XP
 D = Non-vault monster count
 E = Vault monster count
 F = Vault count percentage of total count
                 A         B        C        D         E       F
            +---------+---------+-------+---------+---------+-------
      Total |    5036 |    1326 |  20.8 |     171 |      30 |  14.9
            +---------+---------+-------+---------+---------+-------
        D:1 |      29 |      12 |  29.3 |      17 |       6 |  26.1
        D:2 |     139 |      32 |  18.7 |      21 |       1 |   4.5
        D:3 |     285 |      36 |  11.2 |      30 |       1 |   3.2
        D:4 |     597 |     180 |  23.2 |      33 |      10 |  23.3
        D:5 |     779 |       0 |   0.0 |      21 |       0 |   0.0
        D:6 |     409 |       1 |   0.2 |       9 |       1 |  10.0
        D:7 |    1170 |       0 |   0.0 |      18 |       0 |   0.0
        D:8 |    1053 |    1065 |  50.3 |      19 |      11 |  36.7
     Lair:1 |     575 |       0 |   0.0 |       3 |       0 |   0.0
            +---------+---------+-------+---------+---------+-------
